AoeStats
← FC_M@sTer

Nomad

509550372Analyzed
3v3 RM · 6d ago on Sep 27, 2026· 106m 55s· 6 players
Game mode
Random Map
Map size
210×210
Population
200
Speed
Normal
Resources
Standard
Victory
Conquest
Starting age
Dark Age
Ending age
Imperial Age
RankedLock teamsTeams togetherTeam positionsShared explorationLock speedFull tech treeHidden civsTurbo modeCheats
Victory
Defeat
🇨🇴 Cumans · Colombia
1362
+6
🇨🇴 Franks · Colombia
1121
+15
🇨🇴 Khmer · Colombia
980
+20
🇨🇳 Bulgarians · China
1114
-14
🇨🇦 Bohemians · Canada
1100
-14
🇨🇴 Sicilians · Colombia
1090
-13
不服就干
3:33 Loom
14:53 Feudal Age
15:46 Fishing Lines
16:16 Double-Bit Axe
22:00 Castle Age
21:33 Stone Mining
21:52 Scale Barding Armor
22:30 Forging
22:36 Gold Mining
23:00 Bloodlines
22:58 Fletching
40:45 Bow Saw
42:25 Horse Collar
43:52 Wheelbarrow
46:25 Gillnets
47:18 Gold Shaft Mining
47:20 Stone Shaft Mining
48:16 Heavy Plow
48:37 Hand Cart
49:16 Husbandry
49:36 Bodkin Arrow
49:42 Padded Archer Armor
49:55 Thumb Ring
50:44 Ballistics
50:37 Masonry
51:22 Leather Archer Armor
54:08 Imperial Age
55:11 Bracer
55:42 Parthian Tactics
56:21 Chemistry
55:14 Heavy Cavalry Archer
56:36 Conscription
60:14 Crop Rotation
69:15 Light Cavalry
72:19 Iron Casting
72:05 Chain Barding Armor
71:34 Hussar
73:06 Plate Barding Armor
74:54 Blast Furnace
87:21 Stirrups
98:22 Coinage
100:11 Banking
CerealKiller
3:39 Loom
14:26 Feudal Age
16:53 Forging
16:43 Scale Mail Armor
19:22 Double-Bit Axe
25:21 Castle Age
23:32 Fletching
23:34 Fishing Lines
24:33 Bloodlines
24:53 Town Watch
25:40 Scale Barding Armor
26:32 Medium Warships
28:07 Wheelbarrow
28:26 Iron Casting
29:18 Husbandry
30:35 Hand Cart
33:36 Chain Barding Armor
38:30 Bodkin Arrow
40:32 Horse Collar
41:05 Bow Saw
44:05 Imperial Age
44:31 Gold Mining
44:07 Cavalier
51:00 Blast Furnace
50:36 Plate Barding Armor
52:03 Bracer
53:44 Squires
53:26 Pikeman
54:23 Gambesons
56:07 Chain Mail Armor
56:24 Halberdier
59:02 Plate Mail Armor
58:48 Arson
70:39 Padded Archer Armor
71:36 Elite Skirmisher
73:30 Leather Archer Armor
74:15 Conscription
74:32 Hauberk
74:36 Arrowslits
75:32 Masonry
78:52 Ballistics
79:33 Chemistry
83:35 Murder Holes
89:26 Town Patrol
93:41 Gillnets
Hungry Hippo
5:18 Loom
16:43 Feudal Age
21:58 Castle Age
20:01 Fishing Lines
20:29 Double-Bit Axe
20:26 Horse Collar
23:19 Crossbowman
25:40 Padded Archer Armor
25:31 Fletching
27:12 Pikeman
29:54 Bow Saw
29:45 Heavy Plow
31:58 Squires
37:33 Imperial Age
34:50 Town Watch
35:41 Wheelbarrow
38:16 Hand Cart
39:51 Halberdier
46:03 Town Patrol
47:37 Conscription
51:45 Two-Man Saw
50:48 Murder Holes
51:04 Fortified Wall
51:14 Ballistics
51:55 Chemistry
51:01 Siege Engineers
51:07 Masonry
50:33 Elite Hussite Wagon
54:38 Wagenburg Tactics
57:44 Forging
57:35 Scale Mail Armor
57:31 Bodkin Arrow
58:10 Architecture
58:01 Arson
68:52 Chain Mail Armor
88:28 Plate Mail Armor
88:34 Iron Casting
FC_M@sTer
4:18 Loom
13:54 Feudal Age
21:38 Castle Age
19:56 Bloodlines
19:43 Double-Bit Axe
20:57 Horse Collar
22:13 Wheelbarrow
22:37 Scale Barding Armor
29:30 Forging
35:30 Chain Barding Armor
38:05 Imperial Age
35:30 Stone Mining
37:28 Gold Mining
39:20 Iron Casting
43:50 Hand Cart
45:24 Cavalier
48:09 Town Watch
49:12 Plate Barding Armor
49:20 Heavy Plow
51:28 Fletching
52:04 Conscription
55:07 Blast Furnace
55:11 Chemistry
57:05 Onager
58:30 Bodkin Arrow
62:19 Gold Shaft Mining
62:37 Scale Mail Armor
62:40 Padded Archer Armor
62:58 Bow Saw
64:31 Ballistics
70:34 Masonry
69:51 Capped Ram
70:05 Pikeman
70:34 Arson
72:31 Squires
72:53 Halberdier
73:51 Steppe Husbandry
75:20 Two-Man Saw
76:55 Siege Ram
79:42 Cuman Mercenaries
83:26 Leather Archer Armor
83:19 Town Patrol
84:30 Scale Mail Armor
85:01 Ring Archer Armor
89:31 Chain Mail Armor
90:07 Elite Kipchak
92:56 Light Cavalry
95:10 Caravan
99:26 Hussar
101:23 Hoardings
103:11 Plate Mail Armor
102:59 Siege Onager
105:17 Guilds
105:46 Coinage
FC_Satuplese
3:38 Loom
17:32 Feudal Age
18:31 Double-Bit Axe
18:36 Fishing Lines
19:42 Man-at-Arms
21:06 Wheelbarrow
23:38 Arson
26:05 Castle Age
26:27 Bloodlines
28:11 Husbandry
27:32 Light Cavalry
31:31 Stone Mining
32:36 Hand Cart
37:18 Town Watch
43:41 Town Watch
46:29 Imperial Age
44:42 Stone Shaft Mining
43:59 Gold Mining
44:06 Gold Mining
45:38 Town Patrol
46:59 Gold Shaft Mining
47:29 Bow Saw
48:11 Conscription
47:59 Double Crossbow
48:20 Horse Collar
57:20 Elite Ballista Elephant
58:16 Crossbowman
61:45 Onager
62:18 Arbalester
64:15 Fletching
64:49 Ballistics
65:30 Chemistry
65:16 Bodkin Arrow
65:22 Padded Archer Armor
68:31 Bracer
68:48 Leather Archer Armor
71:19 Hussar
72:56 Scale Barding Armor
73:01 Forging
102:07 Masonry
102:02 Siege Engineers
FC_CamShaca
3:16 Loom
15:07 Feudal Age
16:08 Town Watch
17:10 Double-Bit Axe
22:52 Fletching
25:46 Castle Age
25:38 Scale Barding Armor
25:28 Stone Mining
26:24 Bodkin Arrow
32:31 Ballistics
32:39 Masonry
37:16 Murder Holes
40:32 Imperial Age
38:13 Gold Mining
39:46 Gold Shaft Mining
47:56 Wheelbarrow
49:21 Conscription
49:23 Chain Barding Armor
48:46 Cavalier
52:29 Plate Barding Armor
52:53 Forging
53:06 Paladin
55:46 Iron Casting
57:14 Chemistry
57:43 Blast Furnace
58:58 Padded Archer Armor
60:26 Hand Cart
60:13 Town Patrol
60:04 Elite Throwing Axeman
60:47 Chivalry
63:25 Bow Saw
63:07 Light Cavalry
63:49 Husbandry
64:33 Siege Engineers
64:59 Architecture
64:58 Squires
67:33 Leather Archer Armor
67:20 Scale Mail Armor
74:59 Caravan
80:49 Chain Mail Armor
Connection lost

Rejoining the realm…

Still unreachable

The connection could not be restored.

Session expired

The server has moved on; the page needs a fresh start.